cohdb
Replays
Latest Replays
All Replays
Popular Replays
Top Player Replays
Match Explorer
How It Works
Community
CoH3 Stats
Reddit
Sign in to upload your games and track your stats! →
Sign in with Steam
Match 43637435
Unlisted
Match 43637435
Overview
Messages
Build Orders
End
Kradschützen Motorcycle Team
Selects Armored Support Battlegroup
Panzergrenadier Squad
Panzergrenadier Squad
Construct Light Support Kompanie
Fire Support Elements
Panzergrenadier Squad
Panzergrenadier Squad
Veteran Squad Leaders
Jou Ma
蟑螂恶霸
chiwanghao
Liviu
IKUN
lao yuan
404440673
hero
0
0
Comments
sign in to comment!
No comments posted yet!